AoeStats
← GAX | Urubu

Arena

509766213Analyzed
4v4 RM · 4d ago on Sep 27, 2026· 38m 7s· 8 players
Game mode
Random Map
Map size
Large (8 player)
Population
200
Speed
Normal
Resources
Standard
Victory
Conquest
Starting age
Dark Age
Ending age
Imperial Age
RankedLock teamsTeams togetherTeam positionsShared explorationLock speedFull tech treeHidden civsTurbo modeCheats
Victory
Defeat
🇧🇷 Hindustanis · Brazil
1744
+9
🇧🇷 Slavs · Brazil
1625
+14
🇧🇷 Chinese · Brazil
1527
+18
🇧🇷 Burgundians · Brazil
1436
+22
🇺🇸 Japanese · United States
1677
-20
🇦🇷 Poles · Argentina
1631
-18
🇭🇺 Maya · Hungary
1503
-13
🇲🇽 Burmese · Mexico
1492
-12
GAX | Huns N' Roses
10:42 Feudal Age
14:29 Castle Age
13:15 Double-Bit Axe
13:11 Horse Collar
15:59 Bow Saw
22:44 Stone Mining
22:45 Gold Mining
23:29 Loom
24:19 Wheelbarrow
23:30 Town Watch
27:36 Imperial Age
26:49 Scale Mail Armor
26:51 Squires
28:40 Conscription
28:51 Chain Mail Armor
28:47 Forging
28:24 Arson
29:11 Hand Cart
29:09 Grand Trunk Road
29:59 Elite Ghulam
31:49 Iron Casting
32:03 Siege Elephant
33:26 Heavy Plow
34:32 Blast Furnace
34:56 Stone Shaft Mining
34:57 Gold Shaft Mining
37:08 Masonry
37:18 Ballistics
36:49 Fletching
37:07 Siege Engineers
38:06 Chemistry
GAX | Urubu
9:57 Feudal Age
13:43 Castle Age
12:16 Double-Bit Axe
12:28 Horse Collar
17:09 Loom
17:30 Fletching
25:46 Wheelbarrow
32:25 Imperial Age
32:32 Bloodlines
32:43 Man-at-Arms
33:30 Scale Mail Armor
33:41 Forging
34:45 Bodkin Arrow
34:58 Long Swordsman
GAX | lee17-han
0:26 Loom
10:32 Feudal Age
14:46 Castle Age
12:52 Double-Bit Axe
13:17 Horse Collar
19:50 Town Watch
21:23 Bow Saw
22:42 Wheelbarrow
23:00 Heavy Plow
25:15 Fletching
26:39 Bodkin Arrow
29:21 Imperial Age
27:16 Padded Archer Armor
27:44 Gold Mining
28:44 Leather Archer Armor
29:52 Ballistics
31:04 Chemistry
30:05 Bracer
31:34 Hand Cart
32:12 Town Patrol
32:44 Ring Archer Armor
34:12 Conscription
33:45 Stone Mining
34:30 Thumb Ring
35:00 Masonry
34:25 Elite Chu Ko Nu
36:59 Two-Man Saw
37:49 Great Wall
GAX | toooasty
3:39 Double-Bit Axe
10:11 Feudal Age
11:07 Bow Saw
12:24 Wheelbarrow
15:13 Gold Mining
15:12 Horse Collar
17:36 Castle Age
16:16 Heavy Plow
18:43 Gold Shaft Mining
19:36 Scale Barding Armor
19:42 Forging
21:45 Devotion
25:04 Chain Barding Armor
27:33 Cavalier
28:13 Husbandry
29:32 Hand Cart
29:34 Loom
31:23 Cavalier
34:33 Imperial Age
33:11 Iron Casting
32:26 Town Watch
32:49 Stone Mining
33:56 Burgundian Vineyards
34:40 Paladin
36:59 Plate Barding Armor
JonnyTheMonkey
11:19 Feudal Age
14:50 Castle Age
13:50 Loom
13:58 Double-Bit Axe
13:53 Horse Collar
16:16 Gold Mining
18:19 Sanctity
19:21 Redemption
21:03 Town Watch
25:11 Bow Saw
26:37 Pikeman
34:22 Imperial Age
32:25 Heavy Plow
33:00 Wheelbarrow
33:17 Fletching
33:41 Squires
33:42 Scale Mail Armor
33:52 Forging
33:54 Bodkin Arrow
34:25 Squires
34:36 Scale Mail Armor
34:46 Forging
34:45 Halberdier
35:41 Stone Mining
36:56 Chain Mail Armor
TheGooseTransporter
0:26 Loom
10:50 Feudal Age
14:39 Castle Age
13:55 Double-Bit Axe
13:52 Horse Collar
15:47 Bow Saw
15:38 Heavy Plow
22:00 Fletching
26:07 Wheelbarrow
31:28 Imperial Age
30:48 Hand Cart
30:49 Scale Mail Armor
31:46 Fortified Wall
32:20 Masonry
32:20 Careening
32:08 Eagle Warrior
32:49 Squires
34:04 Holcans
thefacelessz12
11:00 Feudal Age
15:27 Castle Age
14:37 Horse Collar
15:59 Light Cavalry
19:45 Loom
25:19 Stone Mining
27:18 Ballistics
30:58 Imperial Age
28:38 Fletching
28:50 Padded Archer Armor
28:36 Treadmill Crane
29:46 Wheelbarrow
29:03 Gold Mining
29:14 Heavy Plow
31:12 Forging
31:46 Gold Shaft Mining
31:32 Husbandry
31:37 Elite Arambai
33:48 Chemistry
34:02 Man-at-Arms
34:44 Scale Mail Armor
35:19 Iron Casting
35:05 Squires
34:51 Gambesons
35:22 Long Swordsman
EL_REY_TUT
11:27 Feudal Age
15:29 Castle Age
13:21 Horse Collar
15:05 Town Watch
15:38 Loom
16:00 Double-Bit Axe
16:18 Heavy Plow
21:14 Scale Mail Armor
24:44 Arson
26:05 Squires
27:07 Wheelbarrow
27:39 Chain Mail Armor
29:56 Forging
31:32 Iron Casting
33:39 Imperial Age
31:08 Fletching
33:42 Iron Casting
33:22 Bodkin Arrow
35:48 Plate Mail Armor
35:19 Elite Obuch
37:51 Conscription
37:27 Gold Mining
Connection lost

Rejoining the realm…

Still unreachable

The connection could not be restored.

Session expired

The server has moved on; the page needs a fresh start.